 Dungeon Crawl Stone Soup version 0.21.1-1-g345015f (webtiles) character file.

3278 grindst0ne the Fighter (level 9, -1/72 HPs)
             Began as a Demonspawn Chaos Knight on Feb 26, 2018.
             Slain by a two-headed ogre
             ... wielding a +0 dire flail
              (12 damage)
             ... on level 8 of the Dungeon.
             The game lasted 00:18:41 (7585 turns).

grindst0ne the Fighter (Demonspawn Chaos Knight)    Turns: 7585, Time: 00:18:41

Health: -1/72      AC: 16    Str: 13    XL:     9   Next: 69%
Magic:  0/8        EV: 14    Int: 13    God:    Xom [..*...]
Gold:   524        SH:  0    Dex: 19    Spells: 8/8 levels left

rFire    . . .     SeeInvis .   o - +0 war axe
rCold    . . .     Gourm    .   (no shield)
rNeg     + . .     Faith    .   h - +0 chain mail
rPois    .         Spirit   +   m - +2 hat
rElec    .         Reflect  .   B - +0 cloak
rCorr    .         Harm     .   z - +0 pair of gloves
MR       .....     Clarity  +   t - +0 pair of boots
Stlth    +.........             a - amulet of rage
HPRegen  0.22/turn              j - ring of stealth
MPRegen  0.11/turn              q - ring of positive energy

@: agile, slowed, very slow
A: hooves 1, horns 1, clarity, clumsy 1, frail 1, low mp 1, screaming 1, wild
magic 1, magic shield, sturdy frame 2
a: Renounce Religion, Evoke Berserk Rage


You were on level 8 of the Dungeon.
You worshipped Xom.
You were a toy of Xom.
You were not hungry.

You visited 1 branch of the dungeon, and saw 8 of its levels.

You collected 524 gold pieces.

Inventory:

Hand Weapons
 o - a +0 war axe (weapon)
 p - a +2 dagger of venom
Missiles
 E - 3 poisoned javelins (quivered)
Armour
 h - a +0 chain mail (worn)
 m - a +2 hat (worn)
 t - a +0 pair of boots (worn)
 z - a +0 pair of gloves (worn)
 B - a +0 cloak (worn)
Jewellery
 a - an amulet of rage (around neck)
 f - an uncursed ring of magical power
 j - a ring of stealth (left hand)
 q - a ring of positive energy (right hand)
Wands
 G - a wand of iceblast (7)
Scrolls
 b - a scroll of enchant armour {unknown}
 e - 4 scrolls of remove curse
 i - 5 scrolls of teleportation
 r - a scroll of fog {unknown}
 v - 2 scrolls of amnesia {unknown}
 w - 3 scrolls of random uselessness
 x - 2 scrolls of fear
 A - a scroll of magic mapping {unknown}
 C - 2 scrolls of enchant weapon {unknown}
Potions
 d - 2 potions of brilliance
 g - a potion of resistance {unknown}
 k - a potion of agility
 l - a potion of heal wounds
 n - 2 potions of curing {unknown}
 u - a potion of flight {unknown}
 F - a potion of might
 H - a potion of mutation {unknown}
Books
 s - a book of Maledictions

   Spells                             Type                      Level
   a - Corona                         Hexes                        1
   b - Ensorcelled Hibernation        Hexes/Ice                    2
   c - Confuse                        Hexes                        3
   d - Tukima's Dance                 Hexes                        3
   e - Dazzling Spray                 Conjuration/Hexes            3
 y - a book of Geomancy

   Spells                             Type                      Level
   a - Sandblast                      Earth                        1
   b - Passwall                       Transmutation/Earth          2
   c - Stone Arrow                    Conjuration/Earth            3
   d - Petrify                        Transmutation/Earth          4
   e - Lee's Rapid Deconstruction     Earth                        5
 D - a book of Cantrips

   Spells                             Type                      Level
   a - Confusing Touch                Hexes                        1
   b - Animate Skeleton               Necromancy                   1
   c - Summon Small Mammal            Summoning                    1
   d - Apportation                    Translocation                1
Comestibles
 c - 12 rations
 I - 4 chunks of flesh


   Skills:
 - Level 11.3 Fighting
 + Level 7.2 Axes
 + Level 6.9 Armour
 - Level 0.8 Dodging


You had 8 spell levels left.
You didn't know any spells.

Dungeon Overview and Level Annotations

Branches:
Dungeon (8/15)             Temple (0/1) D:5
   Lair: D:8-11

Altars:
Dithmenos
Fedhas
Gozag
Kikubaaqudgha
Nemelex Xobeh
Qazlal
Ru
Sif Muna
Trog
Vehumet
Wu Jian
Xom
The Shining One

Shops:
D:4 (

Annotations:
D:7 exclusion: downstairs


Innate Abilities, Weirdness & Mutations

You have large cloven feet.
When hurt, damage is shared between your health and your magic reserves.
Your movements are less encumbered by armour. (ER -4)
You have a pair of small horns on your head.
You possess an exceptional clarity of mind.
You are clumsy. (Dex -2)
You are frail. (-10% HP)
Your magical capacity is low. (-10% MP)
You occasionally shout uncontrollably at your foes.
Your spells are a little harder to cast, but a little more powerful.


Message History

The two-headed ogre closely misses you.
You slash the orc wizard!
The orc wizard is severely wounded.
You slash the two-headed ogre!
The two-headed ogre hits you with a dire flail!
The two-headed ogre hits you with a giant spiked club.
* * * LOW HITPOINT WARNING * * *
The orc wizard hits you but does no damage.
The orc wizard points at you and mumbles some strange words.
The magic dart hits you!
* * * LOW HITPOINT WARNING * * *
The orc wizard hits you but does no damage.
The orc wizard hits you with a dagger.
* * * LOW HITPOINT WARNING * * *
The two-headed ogre barely misses you. The two-headed ogre misses you.
There is a stone staircase leading down here.
The two-headed ogre barely misses you. The two-headed ogre misses you.
The two-headed ogre hits you with a dire flail!
You die...
Xom howls with laughter!

###..#####.##..................
#..............................
###.######.##.....#.##.#.#....O
#........##.....†.)..........
####.###.##..................
#.##......#..#.##........o
#............#.##.#.#.....
#....<.....o........#...#.
#.##.....@OO..............
#.###.###.#..#.##.#.#..... #.#
#...................##
#.#######.........#.##.)##
#.#.......................
#.........................
#.#.#####....###..#.#..##.
#.#..........# #..#.#.....
#.#######....# #..#.#.###.


You could see 2 two-headed ogres and an orc wizard.

Vanquished Creatures
  Grinder (D:3)
  A hornet (D:7)
  A hippogriff (D:7)
  2 ice beasts
  2 phantoms
  An orc warrior (D:6)
  2 ogres
  5 centaurs
  A big kobold (D:7)
  2 bullfrogs (D:7)
  A gnoll sergeant (D:6)
  2 scorpions
  8 wights
  2 howler monkeys
  A crimson imp (D:5)
  A centaur zombie (D:6)
  A bullfrog zombie (D:5)
  2 orc priests
  A hound (D:7)
  A jelly (D:6)
  4 iguanas
  7 orc wizards
  2 worker ants
  Robin (D:2)
  11 adders
  7 gnolls
  An ooze (D:2)
  An adder skeleton (D:5)
  3 worms
  3 dart slugs
  6 leopard geckos
  20 orcs
  9 bats
  3 giant cockroaches
  10 goblins
  11 hobgoblins
  7 jackals
  13 kobolds
  A quokka (D:2)
  A ball python (D:3)
  7 frilled lizards
  A jackal skeleton (D:7)
  2 leopard gecko zombies (D:7)
  A quokka skeleton (D:7)
  10 rats
180 creatures vanquished.

Notes
Turn   | Place    | Note
-------+----------+-------------------------------------------
     0 | D:1      | grindst0ne the Demonspawn Chaos Knight began the quest for the Orb.
     0 | D:1      | Reached XP level 1. HP: 18/18 MP: 1/1
   116 | D:1      | Gained mutation: When hurt, damage is shared between your health and your magic reserves. [demonic ancestry]
   116 | D:1      | Reached XP level 2. HP: 17/24 MP: 2/2
   334 | D:1      | Reached skill level 4 in Fighting
   526 | D:1      | XOM: give mutation
   526 | D:1      | Gained mutation: You have a pair of small horns on your head. [Xom's grace]
   620 | D:1      | Reached XP level 3. HP: 30/30 MP: 3/3
  1059 | D:2      | Found a shadowy altar of Dithmenos.
  1236 | D:2      | Noticed Robin
  1240 | D:2      | Reached skill level 11 in Fighting
  1240 | D:2      | Reached XP level 4. HP: 50/50 MP: 4/4
  1327 | D:2      | Killed Robin
  1394 | D:2      | XOM: give mutation
  1394 | D:2      | Gained mutation: Your spells are a little harder to cast, but a little more powerful. [Xom's grace]
  1643 | D:3      | Gained mutation: Your movements are slightly less encumbered by armour. (ER -2) [demonic ancestry]
  1643 | D:3      | Reached XP level 5. HP: 56/56 MP: 5/5
  1648 | D:3      | Noticed Grinder
  1684 | D:3      | Killed Grinder
  1684 | D:3      | Gained mutation: Your movements are less encumbered by armour. (ER -4) [demonic ancestry]
  1684 | D:3      | Reached XP level 6. HP: 38/62 MP: 6/6
  2039 | D:3      | Found a bloodstained altar of Trog.
  2301 | D:4      | Found a shadowy altar of Dithmenos.
  2302 | D:4      | Found a deep blue altar of Sif Muna.
  2303 | D:4      | Found a sacrificial altar of Ru.
  2309 | D:4      | Reached XP level 7. HP: 60/68 MP: 7/7
  2326 | D:4      | Found a glowing golden altar of the Shining One.
  2359 | D:4      | XOM: give mutations
  2359 | D:4      | Gained mutation: Your magical capacity is low. (-10% MP) [Xom's mischief]
  2359 | D:4      | Gained mutation: You are frail. (-10% HP) [Xom's mischief]
  2359 | D:4      | Gained mutation: You possess an exceptional clarity of mind. [Xom's mischief]
  2359 | D:4      | Gained mutation: You are clumsy. (Dex -2) [Xom's mischief]
  2473 | D:4      | XOM: medium Erth miscast
  2484 | D:4      | XOM: medium Conj miscast
  2567 | D:4      | Found Damp's Weapon Boutique.
  2737 | D:5      | Entered Level 5 of the Dungeon
  2768 | D:5      | XOM: noise
  2843 | D:5      | XOM: medium Erth miscast
  2859 | D:5      | Found an opulent altar of Gozag.
  2860 | D:5      | Found a bloodstained altar of Trog.
  2860 | D:5      | Found a sacrificial altar of Ru.
  2860 | D:5      | Found a radiant altar of Vehumet.
  2860 | D:5      | Found a sparkling altar of Nemelex Xobeh.
  2860 | D:5      | Found a blossoming altar of Fedhas.
  2862 | D:5      | Found a bloodstained altar of Trog.
  2862 | D:5      | Found a sparkling altar of Nemelex Xobeh.
  2863 | D:5      | Found an ornate altar of the Wu Jian Council.
  2863 | D:5      | Found a sacrificial altar of Ru.
  2864 | D:5      | Found a radiant altar of Vehumet.
  2864 | D:5      | Found an ancient bone altar of Kikubaaqudgha.
  2901 | D:5      | Found a sparkling altar of Nemelex Xobeh.
  3026 | D:5      | Found a staircase to the Ecumenical Temple.
  3351 | D:6      | Found a stormy altar of Qazlal.
  3351 | D:6      | XOM: 9-stop teleportation journey
  3391 | D:6      | XOM: god gift: opal ring {god gift}
  3653 | D:6      | XOM: enchant monster (bad)
  3664 | D:6      | Gained mutation: You have large cloven feet. [demonic ancestry]
  3664 | D:6      | Reached XP level 8. HP: 62/67 MP: 7/7
  3693 | D:6      | Reached skill level 5 in Axes
  3698 | D:6      | XOM: scenery: create altars
  3868 | D:6      | XOM: give mutation
  3868 | D:6      | Gained mutation: You occasionally shout uncontrollably at your foes. [Xom's mischief]
  3913 | D:6      | XOM: confuse monster(s)
  4052 | D:6      | Found a blossoming altar of Fedhas.
  4182 | D:6      | HP: 1/67 [orc warrior/halberd (14)]
  4185 | D:6      | XOM: potion effect (curing)
  4189 | D:6      | Reached skill level 5 in Armour
  4728 | D:7      | Noticed a hippogriff
  4738 | D:7      | XOM: 3-stop teleportation journey
  4743 | D:7      | XOM: enchant monster (bad)
  4745 | D:7      | XOM: harmless Pois miscast
  4749 | D:7      | Killed a hippogriff
  4749 | D:7      | Reached XP level 9. HP: 53/72 MP: 5/8
  4763 | D:7      | XOM: harmless Conj miscast
  4803 | D:7      | XOM: chaos cloud
  4808 | D:7      | XOM: mild Conj miscast
  4878 | D:7      | XOM: mild Necr miscast
  5322 | D:7      | XOM: harmless Air miscast
  5674 | D:7      | XOM is BORED!
  5674 | D:7      | XOM: harmless Hex miscast
  5705 | D:8      | Noticed a two-headed ogre
  5715 | D:7      | XOM: harmless Pois miscast
  5984 | D:7      | XOM: summons 1 hostile shadow creature
  6405 | D:8      | Noticed a two-headed ogre
  6407 | D:8      | Paralysed by a hornet for 1 turns
  6507 | D:8      | XOM: butterfly on damage
  6508 | D:8      | XOM: enchant monster (bad)
  6741 | D:8      | XOM: harmless Necr miscast
  6745 | D:8      | Found a stormy altar of Qazlal.
  6751 | D:8      | XOM: harmless Hex miscast
  6947 | D:8      | XOM: summons friendly ufetubus
  6956 | D:8      | XOM: divination: detect items
  6974 | D:8      | XOM: cast spell 'Summon Mana Viper'
  6982 | D:8      | XOM: harmless Tmut miscast
  7249 | D:7      | XOM: scenery: 1 doors close
  7274 | D:7      | XOM: harmless Fire miscast
  7276 | D:7      | Paralysed by a hornet for 3 turns
  7311 | D:7      | XOM: harmless Ice miscast
  7354 | D:7      | XOM: harmless Tmut miscast
  7500 | D:8      | XOM: confuse monster(s)
  7564 | D:8      | XOM: smoke on damage
  7585 | D:8      | Slain by a two-headed ogre

Skill      XL: |  1  2  3  4  5  6  7  8  9 |
---------------+----------------------------+-----
Fighting       | 4 11 | 11.3
Axes           | 3 4 6 7 |  7.2
Armour         | 2 3 4 5 6 |  6.9
Dodging        | |  0.8

Action                   |  1- 3 |  4- 6 |  7- 9 || total
-------------------------+-------+-------+-------++-------
Melee: Hand axe          |    89 |   143 |       ||   232
       Headbutt          |     4 |    29 |    71 ||   104
       War axe           |       |     6 |   415 ||   421
       Dagger            |       |       |     7 ||     7
Throw: Javelin           |       |       |     5 ||     5
  Use: Scroll            |     2 |       |    12 ||    14
       Potion            |     1 |     1 |     6 ||     8
 Stab: Confused          |       |       |     3 ||     3
  Eat: Chunk             |     1 |     4 |     4 ||     9
       Ration            |       |       |     4 ||     4
Armor: Leather armour    |    41 |    34 |       ||    75
       Chain mail        |       |    52 |   286 ||   338
       Skin              |       |       |    10 ||    10
Dodge: Dodged            |    56 |    85 |   210 ||   351
